 Dungeon Crawl Stone Soup version 0.18.1-51-gd549091e01 (webtiles) character file.

749 magog001 the Chopper (level 7, -11/61 HPs)
             Began as a Hill Orc Fighter on Mar 31, 2020.
             Was a Believer of Nemelex Xobeh.
             Mangled by a hill giant
             ... wielding a +0 giant club
              (15 damage)
             ... on level 5 of the Dungeon on Apr 6, 2020.
             The game lasted 00:32:35 (5378 turns).

magog001 the Chopper (Hill Orc Fighter)             Turns: 5378, Time: 00:32:35

Health: -11/61     AC: 13    Str: 26      XL:     7   Next: 78%
Magic:  7/7        EV:  8    Int: 10      God:    Nemelex Xobeh [**....]
Gold:   257        SH: 11    Dex:  8 (10) Spells: 0 memorised, 6 levels left

rFire  . . .     SeeInvis .     a - +1 war axe
rCold  . . .     Gourm    .     b - +0 scale mail
rNeg   + . .     Faith    .     c - +1 shield
rPois  .         Spirit   .     (no helmet)
rElec  .         Dismiss  .     u - +2 cloak
rCorr  .         Reflect  .     y - +2 pair of gloves
SustAt .         Harm     .     (no boots)
MR     .....                    (no amulet)
Stlth  ..........               (no ring)
                                s - ring of the Leaf {+Fly rN+ Int+2}

@: mighty, not resistant to hostile enchantments, extremely unstealthy
A: no striking features
a: Renounce Religion, Evoke Flight


You were on level 5 of the Dungeon.
You worshipped Nemelex Xobeh.
Nemelex Xobeh was pleased with you.
You were not hungry.

You visited 1 branch of the dungeon, and saw 5 of its levels.

You collected 257 gold pieces.

Inventory:

Hand Weapons
 a - a +1 war axe (weapon)
 o - a +1 hunting sling
Missiles
 j - 42 sling bullets
Armour
 b - a +0 scale mail (worn)
 c - a +1 shield (worn)
 u - a +2 cloak (worn)
 y - a +2 pair of gloves (worn)
Jewellery
 s - the ring of the Leaf (left hand) {+Fly rN+ Int+2}
   (You found it on level 5 of the Dungeon)

   [ring of positive energy]

   It affects your intelligence (+2).
   It protects you from negative energy.
   It lets you fly.
Scrolls
 g - 2 scrolls of identify
 h - a scroll of vulnerability {unknown}
 q - a scroll of fear
 t - a scroll of remove curse
 v - 2 scrolls of magic mapping
 w - a scroll of recharging {unknown}
 z - a scroll of teleportation {unknown}
 B - a scroll of acquirement {unknown}
 D - a scroll of blinking {unknown}
Potions
 d - 2 potions of might
 m - 2 potions of brilliance
 n - a potion of degeneration
 x - a potion of flight
 A - a potion of invisibility
 C - a potion of curing
Miscellaneous
 e - a plain deck of war
 i - a plain deck of war
 r - a plain deck of war
Comestibles
 f - 5 bread rations
 k - 3 beef jerkies
 l - a slice of pizza
 p - 2 meat rations
 E - 4 chunks of flesh


   Skills:
 * Level 5.5 Fighting
 * Level 5.8 Axes
 * Level 5.1 Armour
 + Level 2.0 Dodging
 + Level 0.3 Stealth
 * Level 5.7 Shields


You had 6 spell levels left.
You didn't know any spells.

Dungeon Overview and Level Annotations

Branches:
Dungeon (5/15)
 Temple: D:4-7

Altars:
Ashenzari
Dithmenos
Makhleb
Nemelex Xobeh
Qazlal
Sif Muna
Vehumet


Message History

The hill giant completely misses you.
You slash the hill giant!
The hill giant is heavily wounded.
The hill giant hits you with a giant club.
You slash the hill giant!
The hill giant is severely wounded.
The hill giant hits you with a giant club!
You hit the hill giant.
The hill giant is severely wounded.
The hill giant hits you with a giant club!
* * * LOW HITPOINT WARNING * * *
Drink which item? (? for menu, Esc to quit)
You feel very mighty all of a sudden.
The hill giant hits you with a giant club!
* * * LOW HITPOINT WARNING * * *
You hit the hill giant.
The hill giant is severely wounded.
The hill giant hits you with a giant club!
You die...
Your body glows slightly and disappears.

#.# ########## #.# #.# #.#.##
#.# #........#####.# #.#
#.#.## #.#
#.####......##.#####.###.#<##
#.# #.#
#.....................## #.#
#.# ##.._...#######)###.####
#.# #.# #......# #.# #.# # ..#
#.# #.....## #.# #.# #.###.#
##.##########... #.# ......#
#.##.@C........ ..#
...#########.##.#######...####
...........#.##......>...##
...#######.#....###...###
#.########.####.###.#....
......................###
#.##################### #.#
#.#


You could see a hill giant.

Vanquished Creatures
  An ogre (D:4)
  An ice beast (D:4)
  Blork the orc (D:5)
  2 scorpions
  An orc wizard (D:5)
  A gnoll shaman (D:4)
  Crazy Yiuf (D:3)
  Jessica (D:3)
  4 worker ants
  A hound skeleton (D:4)
  3 adders
  4 gnolls (D:4)
  3 oozes
  4 worms
  A dart slug (D:1)
  10 orcs
  A ball python (D:1)
  7 giant cockroaches
  7 hobgoblins
  7 jackals (D:4)
  9 kobolds
  2 quokkas
  6 bats
  5 giant newts
  9 goblins
  A quokka zombie (D:5)
  3 rats
96 creatures vanquished.

Notes
Turn   | Place    | Note
--------------------------------------------------------------
     0 | D:1      | magog001 the Hill Orc Fighter began the quest for the Orb.
     0 | D:1      | Reached XP level 1. HP: 19/19 MP: 1/1
   228 | D:1      | Reached XP level 2. HP: 27/27 MP: 2/2
  1075 | D:1      | Reached XP level 3. HP: 28/33 MP: 3/3
  1707 | D:2      | Found a burning altar of Makhleb.
  1708 | D:2      | Found a sparkling altar of Nemelex Xobeh.
  1708 | D:2      | Found a radiant altar of Vehumet.
  1708 | D:2      | Found a shadowy altar of Dithmenos.
  1708 | D:2      | Found a deep blue altar of Sif Muna.
  1724 | D:2      | Reached XP level 4. HP: 40/40 MP: 4/4
  1745 | D:2      | Became a worshipper of Nemelex Xobeh the Trickster
  1762 | D:2      | Received a gift from Nemelex Xobeh
  2588 | D:3      | Reached XP level 5. HP: 45/47 MP: 5/5
  2618 | D:3      | Noticed Jessica
  2637 | D:3      | Killed Jessica
  2852 | D:3      | Noticed Crazy Yiuf
  2859 | D:3      | Killed Crazy Yiuf
  2859 | D:3      | Reached skill level 1 in Dodging
  3358 | D:3      | Reached * piety under Nemelex Xobeh
  3500 | D:4      | Received a gift from Nemelex Xobeh
  3509 | D:4      | Reached XP level 6. HP: 53/53 MP: 6/6
  3827 | D:4      | Noticed an ice beast
  3838 | D:4      | Killed an ice beast
  3838 | D:4      | Reached skill level 5 in Fighting
  3838 | D:4      | Reached skill level 5 in Axes
  3838 | D:4      | Reached skill level 5 in Shields
  4029 | D:3      | Reached XP level 7. HP: 34/61 MP: 7/7
  4236 | D:4      | Found a stormy altar of Qazlal.
  4479 | D:4      | Received a gift from Nemelex Xobeh
  4836 | D:5      | Entered Level 5 of the Dungeon
  4836 | D:5      | Noticed Blork the orc
  4842 | D:5      | Killed Blork the orc
  4842 | D:5      | Reached skill level 5 in Armour
  4877 | D:5      | Reached ** piety under Nemelex Xobeh
  5076 | D:5      | Got a glittering glass ring
  5078 | D:5      | Identified the ring of the Leaf {+Fly rN+ Int+2} (You found it on level 5 of the Dungeon)
  5188 | D:5      | Found a shattered altar of Ashenzari.
  5366 | D:5      | Noticed a hill giant
  5378 | D:5      | Mangled by a hill giant

Skill      XL: |  1  2  3  4  5  6  7 |
---------------+----------------------+-----
Fighting       | 4 5 |  5.5
Axes           | 3 4 5 |  5.8
Shields        | 4 5 |  5.7
Armour         | 4 5 |  5.1
Dodging        | 1 2 |  2.0
Stealth        | |  0.3

Action                   |  1- 3 |  4- 6 |  7- 9 || total
-------------------------+-------+-------+-------++-------
Melee: War axe           |   129 |   155 |   126 ||   410
  Use: Potion            |       |     9 |     2 ||    11
       Scroll            |       |     8 |     4 ||    12
  Eat: Chunk             |     3 |     5 |     1 ||     9
       Meat ration       |       |     1 |     1 ||     2
Armor: Scale mail        |    58 |   116 |    73 ||   247
Dodge: Dodged            |    44 |    62 |    45 ||   151
Block: Shield            |    75 |   100 |    76 ||   251
